 Dungeon Crawl Stone Soup version 0.30-b1-2-g02819fbbbe (webtiles) character file.

Game seed: 2974620250382798286

43 redmage the Digger (level 4, -2/33 HPs)
             Began as a Meteoran Earth Elementalist on Aug 2, 2023.
             Slain by a scorpion (4 damage)
             ... on level 3 of the Dungeon.
             The game lasted 00:02:32 (133 turns).

redmage the Digger (Meteoran Earth Elementalist)     Turns: 133, Time: 00:02:33

Health: -2/33      AC:  2    Str:  9    XL:     4   Next: 6%
Magic:  4/10       EV: 12    Int: 19    God:
Gold:   27         SH:  0    Dex: 14    Spells: 3/9 levels left

rFire   . . .        (no weapon)
rCold   . . .        (no shield)
rNeg    . . .        a - +0 robe
rPois   .            (no helmet)
rElec   .            (no cloak)
rCorr   .            (no gloves)
SInv    .            (no boots)
Will    .....        (no amulet)
Stlth   +            (no ring)
HPRegen 0.25/turn    (no ring)
MPRegen 0.12/turn

%: no passive effects
@: lethally poisoned (-2 -> -14), glowing
A: sense surroundings 1, otherworldly, glowing, explore regen
a: no special abilities


You were on level 3 of the Dungeon.
You visited 1 branch of the dungeon, and saw 4 of its levels.

You collected 27 gold pieces.

Inventory:

Armour
 a - a +0 robe (worn)
Magical Staves
 g - a staff of air
Potions
 b - a potion of magic
 c - a potion of degeneration {unknown}
 d - a potion of curing {unknown}
 e - a potion of berserk rage {unknown}
 f - a potion of lignification {unknown}


   Skills:
 - Level 2.4 Dodging
 - Level 1.4 Stealth
 + Level 3.3 Spellcasting
 + Level 2.2 Transmutations
 * Level 4.6 Earth Magic


You had 3 spell levels left.
You knew the following spells:

 Your Spells              Type           Power      Damage    Failure   Level
a - Sandblast             Erth           40%        2d10      2%          1
b - Passwall              Tmut/Erth      13%        N/A       5%          2
c - Stone Arrow           Conj/Erth      22%        3d8       17%         3

Your spell library contained the following spells:

 Spells                   Type           Power      Damage    Failure   Level
 Petrify                  Tmut/Erth      16%        N/A       34%         4


Dungeon Overview and Level Annotations

Branches:
Dungeon (4/15) Zot: 2253
 Temple: D:4-7

Altars:


Innate Abilities, Weirdness & Mutations

You passively map a small area around you.
You are easily found by Zot.
You glow in the dark.
You regain HP and MP as you explore.


Message History

Unknown command.
Unknown command.
Unknown command.
Unknown command.
Casting: Sandblast (safe; 2% risk of failure)
Confirm with . or Enter, or press ? or * to list all spells.
Aiming: Sandblast (safe; 2% risk of failure)
Press: ? - help, Shift-Dir - straight line, f/p - scorpion
Aim: a scorpion (severely wounded, 83% to hit)
The blast of sand hits the scorpion but does no damage.
The scorpion is severely wounded.
You feel sick. The scorpion misses you.
Unknown command.
Unknown command.
Unknown command.
Casting: Sandblast (safe; 2% risk of failure)
Confirm with . or Enter, or press ? or * to list all spells.
Aiming: Sandblast (safe; 2% risk of failure)
Press: ? - help, Shift-Dir - straight line, f/p - scorpion
Aim: a scorpion (severely wounded, 83% to hit)
The blast of sand hits the scorpion but does no damage.
The scorpion is severely wounded.
You feel sick. The scorpion stings you.
* * * LOW HITPOINT WARNING * * *
You are lethally poisoned!
The scorpion poisons you! The scorpion barely misses you.
Unknown command.
Unknown command.
Casting: Sandblast (safe; 2% risk of failure)
Confirm with . or Enter, or press ? or * to list all spells.
Aiming: Sandblast (safe; 2% risk of failure)
Press: ? - help, Shift-Dir - straight line, f/p - scorpion
Aim: a scorpion (severely wounded, 83% to hit)
The blast of sand hits the scorpion.
The scorpion is severely wounded.
* * * LOW HITPOINT WARNING * * *
You feel very sick.
The scorpion stings you but does no damage.
The scorpion stings you.
You die...

, , , * * *
** * * + ,
* #+## ** *
* , _
,#..####.#
*#@s.....#
*
#....####.#
* , *
###+## , *
* * * *, ,
* * * ~ ~ ~
~ , ,


You could see a scorpion.

Vanquished Creatures
  An iguana (D:3)
  An ufetubus (D:4)
  A bat (D:2)
  A hobgoblin (D:1)
  3 jackals (D:1)
  A kobold (D:2)
  2 frilled lizards (D:2)
  A rat (D:2)
11 creatures vanquished.

Notes
Turn   | Place    | Note
-------+----------+-------------------------------------------
     0 | D:1      | redmage the Meteoran Earth Elementalist began the quest for
                  | the Orb.
     0 | D:1      | Reached XP level 1. HP: 14/14 MP: 5/5
    41 | D:1      | Reached XP level 2. HP: 15/20 MP: 0/6
    57 | D:2      | Reached skill level 4 in Earth Magic
    89 | D:3      | Reached XP level 3. HP: 12/26 MP: 0/8
    92 | D:3      | Learned a level 2 spell: Passwall
    96 | D:3      | Learned a level 3 spell: Stone Arrow
   118 | D:4      | Reached XP level 4. HP: 31/33 MP: 6/10
   126 | D:3      | Noticed a scorpion
   133 | D:3      | Slain by a scorpion

Illustrated notes

Levels and vault maps discovered:
D:1:      minmay_arrival_semitransparent, layout_rooms, minmay_small_reverse_x
D:2:      layout_loops_cross, minmay_misc_feat_cross
D:3:      layout_basic, makhleb_altar_promises_db, kennysheep_small_spiral,
          nicolae_nh_oracle_at_delphi
D:4:      layout_cave_pools, nemelex_xobeh_ov_fountains_minmay,
          roderic_serpentine_path, minmay_misc_feat_secret_circle, uniq_natasha

Skill      XL: |  1  2 |
---------------+-------+-----
Earth Magic    | 4 |  4.6
Spellcasting   | 3 |  3.3
Transmutations | 2 |  2.2
Dodging        | |  2.4
Stealth        | |  1.4

Action                     |  1- 3 |  4- 6 || total
---------------------------+-------+-------++-------
  Melee: Unarmed           |     1 |       ||     1
   Cast: Sandblast         |    20 |     7 ||    27
    Use: Scroll            |       |     1 ||     1
 Armour: Robe              |     6 |     1 ||     7
  Dodge: Dodged            |    14 |     4 ||    18
